 Dungeon Crawl Stone Soup version 0.22.0-6-g71bd7aa (webtiles) character file.

4600 Gaball the Basher (level 10, 0/160 HPs)
             Began as an Ogre Monk on Aug 14, 2018.
             Was an Elder of Trog.
             Slain by a hound (6 damage)
             ... on level 8 of the Dungeon.
             The game lasted 00:14:20 (9907 turns).

Gaball the Basher (Ogre Monk)                       Turns: 9907, Time: 00:14:21

Health: 0/160      AC:  3    Str: 25    XL:     10   Next: 42%
Magic:  10/10      EV: 12    Int: 11    God:    Trog [****..]
Gold:   419        SH:  0    Dex: 11    Spells: 9/9 levels left

rFire    . . .     SeeInvis .   t - +4 flail (crush)
rCold    . . .     Gourm    .   (no shield)
rNeg     . . .     Faith    .   b - +0 robe
rPois    .         Spirit   .   (helmet restricted)
rElec    .         Reflect  .   q - scarf {repulsion}
rCorr    .         Harm     .   (gloves unavailable)
MR       +....                  (boots unavailable)
Stlth    ..........             (no amulet)
HPRegen  0.36/turn              (no ring)
MPRegen  0.12/turn              (no ring)

@: berserking, starving, drained, repel missiles, very quick
A: large, unfitting armour, tough skin 1
a: Berserk, Trog's Hand, Brothers in Arms, Renounce Religion


You were on level 8 of the Dungeon.
You worshipped Trog.
Trog was greatly pleased with you.
You were starving.

You visited 1 branch of the dungeon, and saw 8 of its levels.
You also visited: Ossuary.

You collected 419 gold pieces.

Inventory:

Hand Weapons
 a - a +0 mace
 r - a +2 flail of holy wrath
 s - a +0 giant spiked club
 t - a +4 flail of crushing (weapon)
Armour
 b - a +0 robe (worn)
 q - a scarf of repulsion (worn)
Jewellery
 p - a cursed -2 ring of evasion {unknown}
Wands
 n - a wand of flame (19)
 D - a wand of acid (8)
 G - a wand of polymorph (5)
 I - a wand of disintegration (12)
Scrolls
 d - 3 scrolls of immolation {unknown}
 e - 6 scrolls of magic mapping {unknown}
 g - 10 scrolls of identify {unknown}
 h - 5 scrolls of fog {unknown}
 i - 7 scrolls of remove curse {unknown}
 k - 4 scrolls of enchant armour {unknown}
 m - a scroll of noise {unknown}
 w - a scroll of teleportation {unknown}
 x - 5 scrolls of random uselessness {unknown}
 y - a scroll of silence {unknown}
 C - a scroll of holy word {unknown}
 F - 2 scrolls of enchant weapon {unknown}
Potions
 f - 3 potions of flight {unknown}
 j - 4 potions of might {unknown}
 l - 6 potions of curing {unknown}
 o - a potion of mutation {unknown}
 u - a potion of berserk rage {unknown}
 v - a potion of cancellation {unknown}
 z - 5 potions of degeneration {unknown}
 A - a potion of agility {unknown}
 B - 6 potions of lignification {unknown}
 H - 2 potions of brilliance {unknown}
Comestibles
 c - 9 rations


   Skills:
 + Level 9.0(8.4) Fighting
 + Level 11.3(10.7) Maces & Flails
 + Level 6.2(5.6) Dodging
 - Level 1.4(0.9) Stealth


You had 9 spell levels left.
You didn't know any spells.
Your spell library was empty.

Dungeon Overview and Level Annotations

Branches:
Dungeon (8/15)             Temple (0/1) D:4
   Lair: D:8-11

Altars:
Ashenzari
Gozag
Nemelex Xobeh
Okawaru
Sif Muna
Trog
Vehumet
Zin

Annotations:
D:3 3 runed doors, Lew's ghost, amateur GrFi


Innate Abilities, Weirdness & Mutations

You are too large for most types of armour.
You have tough skin. (AC +1)


Message History

The two-headed ogre is almost dead.
The hound bites you.
* * * LOW HITPOINT WARNING * * *
The two-headed ogre hits you with a giant club!
* * * LOW HITPOINT WARNING * * *
The two-headed ogre hits you with a giant club!
* * * LOW HITPOINT WARNING * * *
You are too berserk!
You bludgeon the two-headed ogre!!
You kill the two-headed ogre!
Trog accepts your kill.
Your base Fighting skill increases to level 9!
Your base Dodging skill increases to level 6!
The hound bites you.
* * * LOW HITPOINT WARNING * * *
You are too berserk!
You barely miss the hound.
The hound is almost dead.
The hound bites you.
You die...

#.........<##.....#...>...
#..........#..............
#.................).......
#.................)......†
#..........#......)#######
#..........#.......##..###
#..........##.....##....#.
#########..####.###.....#.
#@.##........#....
#)h#.........#..#.
#{.#...###..##..#.
#####o.##....##.#...##
##.h.o..###.....}(....#
##oo###....##...#.##....
#..## #.....#..##..# #..
####.####.....#.. ..... .
#...o........... #.......


You could see a hound and 2 orcs.

Vanquished Creatures
  A two-headed ogre (D:8)
  3 yaks (D:7)
  Edmund (D:5)
  A black bear (D:6)
  An orc warrior (D:7)
  2 sky beasts
  2 phantoms
  A necrophage (D:5)
  6 ogres
  3 centaurs
  2 bullfrogs (D:6)
  A water moccasin skeleton (D:7)
  A scorpion (D:4)
  11 killer bees
  2 wights (D:7)
  A howler monkey (D:7)
  A lava snake (D:7)
  2 crimson imps
  2 centaur zombies
  A quasit (D:8)
  A centaur skeleton (D:7)
  4 orc priests
  A hound (D:5)
  8 orc wizards
  2 human zombies (Ossuary)
  2 bullfrog skeletons
  An iguana (D:5)
  6 worker ants
  2 big kobold zombies (Ossuary)
  5 mummies (Ossuary)
  A hound zombie (D:5)
  4 gnolls
  9 adders
  An adder skeleton (D:7)
  5 worms
  2 dart slugs (D:1)
  3 leopard geckos
  16 orcs
  A ball python (D:3)
  5 bats
  5 giant cockroaches
  8 goblins
  13 hobgoblins
  7 jackals
  11 kobolds
  2 quokkas
  7 frilled lizards
  A gnoll zombie (Ossuary)
  2 goblin zombies (Ossuary)
  A leopard gecko skeleton (D:4)
  A leopard gecko zombie (D:5)
  2 quokka zombies
  4 rats
188 creatures vanquished.

Notes
Turn   | Place    | Note
-------+----------+-------------------------------------------
     0 | D:1      | Gaball the Ogre Monk began the quest for the Orb.
     0 | D:1      | Reached XP level 1. HP: 24/24 MP: 1/1
    40 | D:1      | Reached skill level 3 in Maces & Flails
    88 | D:1      | Found a shattered altar of Ashenzari.
   169 | D:1      | Reached XP level 2. HP: 32/32 MP: 2/2
   638 | D:1      | Reached XP level 3. HP: 33/39 MP: 3/3
   981 | D:2      | Reached skill level 4 in Maces & Flails
  1026 | D:2      | Found a sparkling altar of Nemelex Xobeh.
  1030 | D:2      | Found a bloodstained altar of Trog.
  1443 | D:2      | Reached XP level 4. HP: 20/48 MP: 4/4
  1754 | D:2      | Found a faded altar of an unknown god.
  1768 | D:2      | Became a worshipper of Trog the Wrathful
  1768 | D:2      | Reached * piety under Trog
  1768 | D:2      | Reached ** piety under Trog
  1823 | D:2      | Found an iron altar of Okawaru.
  2174 | D:3      | Reached *** piety under Trog
  2187 | D:3      | Found a glowing silver altar of Zin.
  2322 | D:3      | Found a runed gate.
  2322 | D:3      | Found a runed gate.
  2322 | D:3      | Found a runed gate.
  2327 | D:3      | Noticed Lew's ghost (amateur GrFi)
  2505 | D:3      | Reached skill level 5 in Maces & Flails
  2505 | D:3      | Reached XP level 5. HP: 28/54 MP: 5/5
  2571 | D:3      | Found a bloodstained altar of Trog.
  3835 | D:4      | Noticed an ogre
  3841 | D:4      | Killed an ogre
  3841 | D:4      | Reached skill level 6 in Maces & Flails
  3841 | D:4      | Reached XP level 6. HP: 62/62 MP: 6/6
  4296 | D:4      | Found an opulent altar of Gozag.
  4521 | D:4      | Found a deep blue altar of Sif Muna.
  4581 | D:4      | Found a staircase to the Ecumenical Temple.
  4623 | D:5      | Entered Level 5 of the Dungeon
  4623 | D:5      | Noticed Edmund
  4648 | D:4      | Reached skill level 7 in Maces & Flails
  4648 | D:4      | Reached XP level 7. HP: 31/70 MP: 7/7
  5013 | D:5      | Killed Edmund
  5062 | D:5      | Reached skill level 8 in Maces & Flails
  5325 | D:5      | Reached XP level 8. HP: 48/78 MP: 8/8
  5531 | D:5      | Reached skill level 9 in Maces & Flails
  6081 | D:6      | Found a sand-covered staircase.
  6129 | Ossuary  | Entered an ossuary
  6410 | Ossuary  | Reached **** piety under Trog
  6410 | Ossuary  | Reached skill level 10 in Maces & Flails
  6916 | D:6      | Reached XP level 9. HP: 69/85 MP: 9/9
  7042 | D:6      | Found a deep blue altar of Sif Muna.
  7095 | D:6      | Reached skill level 5 in Fighting
  8023 | D:7      | Found a radiant altar of Vehumet.
  8223 | D:7      | Reached skill level 5 in Dodging
  8659 | D:7      | Reached skill level 11 in Maces & Flails
  8668 | D:7      | Reached XP level 10. HP: 68/104 MP: 10/10
  9878 | D:8      | Noticed a two-headed ogre
  9906 | D:8      | Killed a two-headed ogre
  9906 | D:8      | HP: 5/160 [hound (4)]
  9907 | D:8      | Slain by a hound

Skill      XL: |  1  2  3  4  5  6  7  8  9 10 |
---------------+-------------------------------+-----
Maces & Flails | 3 4 5 6 7 8 10 11 | 11.3
Dodging        | 3 5 6 |  6.2
Fighting       | 7 9 |  9.0
Stealth        | |  1.4

Action                   |  1- 3 |  4- 6 |  7- 9 | 10-12 || total
-------------------------+-------+-------+-------+-------++-------
Melee: Mace              |   110 |   192 |       |       ||   302
       Flail             |       |    32 |   290 |    75 ||   397
Invok: Trog's Hand       |       |     3 |       |     2 ||     5
       Berserk           |       |     1 |     4 |     2 ||     7
Evoke: Wand              |       |     5 |    15 |     3 ||    23
 Stab: Sleeping          |     2 |     3 |     3 |       ||     8
  Eat: Chunk             |     2 |    11 |    18 |     4 ||    35
Armor: Robe              |    26 |    51 |    37 |    13 ||   127
Dodge: Dodged            |    51 |   137 |   152 |    62 ||   402
       Deflected         |       |       |     7 |       ||     7
